 Dungeon Sprint DCSS version 0.25-a0-474-ga8a2ee3166 (webtiles) character file.

Game seed: 4305964149277170785, levelgen mode: deterministic

54 ICC the Quickloader (level 5, -9/37 HPs)
             Began as a Formicid Arcane Marksman on Feb 7, 2020.
             Was a Follower of Okawaru.
             Mangled by a hell rat (10 damage)
             ... in the Dungeon (Sprint VI: "Thunderdome").
             The game lasted 00:06:33 (248 turns).

ICC the Quickloader (Formicid Arcane Marksman)       Turns: 248, Time: 00:06:34

Health: -9/37      AC:  4    Str: 16    XL:     5   Next: 82%
Magic:  3/7        EV: 11    Int: 12    God:    Okawaru [*.....]
Gold:   100        SH:  0    Dex: 11    Spells: 5/6 levels left

rFire    . . .     SeeInvis +   a - +0 hand crossbow
rCold    . . .     Gourm    .   (no shield)
rNeg     . . .     Faith    .   e - +0 troll leather armour
rPois    .         Spirit   .   (helmet unavailable)
rElec    .         Reflect  .   (no cloak)
rCorr    .         Harm     .   (no gloves)
MR       .....                  (no boots)
Stlth    +.........             (no amulet)
HPRegen  0.52/turn              (no ring)
MPRegen  0.10/turn              (no ring)

@: lightly drained
A: permanent stasis, dig shafts and tunnels, four strong arms, antennae 3
a: Dig, Heroism, Renounce Religion


You were in the Dungeon.
You worshipped Okawaru.
Okawaru was aware of your devotion.
You were not hungry.

You visited 1 branch You collected 280 gold pieces.
You spent 180 gold pieces at shops.

Inventory:

Hand Weapons
 a - a +0 hand crossbow (weapon)
Missiles
 d - 7 bolts (quivered)
Armour
 e - a +0 troll leather armour (worn)
 l - a +0 robe
Wands
 c - a wand of acid (4)
 m - a wand of iceblast (5)
Scrolls
 n - 3 scrolls of fog
Potions
 b - a potion of resistance
 g - a potion of heal wounds
 i - 2 potions of magic
Comestibles
 f - a ration


   Skills:
 + Level 1.4(1.0) Fighting
 - Level 10.6(10.1) Crossbows
 + Level 1.9(1.6) Dodging
 + Level 1.3(1.0) Spellcasting
 + Level 4.2(3.8) Hexes
 + Level 0.7(0.4) Invocations


You had 5 spell levels left.
You knew the following spells:

 Your Spells              Type           Power        Failure   Level  Hunger
a - Corona                Hex            #......      8%          1    ##.....

Your spell library contained the following spells:

 Spells                   Type           Power        Failure   Level  Hunger
 Slow                     Hex            #.......     12%         2    ###....
 Inner Flame              Hex/Fire       #.......     45%         3    ####...
 Portal Projectile        Hex/Tloc       #.....       45%         3    ####...
 Cause Fear               Hex            #.........   58%         4    #####..
 Leda's Liquefaction      Hex/Erth       #.........   86%         4    #####..


Dungeon Overview and Level Annotations

Branches:
Dungeon (1/1)

Altars:
Cheibriados
Dithmenos
Fedhas
Gozag
Kikubaaqudgha
Makhleb
Okawaru
Qazlal
Ru
Sif Muna
Trog
Uskayaw
Vehumet
Wu Jian
Xom
Yredelemnul
Zin
The Shining One
Beogh
Jiyva
Lugonu

Shops:
D *[%??*?*:[((!!!!


Innate Abilities, Weirdness & Mutations

You cannot be hasted, slowed, berserked, paralysed or teleported.
You can dig through walls and to a lower floor.
Your four strong arms can wield two-handed weapons with a shield.
You have a pair of large antennae on your head. (SInv)


Message History

Press: ? - help, Shift-Dir - straight line, f/p - hell rat
Aim: a hell rat (severely wounded, softly glowing)
You shoot a bolt. The bolt hits the hell rat.
The hell rat is severely wounded.
The hell rat bites you!
You feel drained. The hell rat closely misses you.
Firing (i - inventory)
d - 9 bolts (quivered)
Press: ? - help, Shift-Dir - straight line, f/p - hell rat
Aim: a hell rat (severely wounded, softly glowing)
You shoot a bolt. The bolt hits the hell rat.
The hell rat is almost dead.
The hell rat bites you!
* * * LOW HITPOINT WARNING * * *
Firing (i - inventory)
d - 8 bolts (quivered)
Press: ? - help, Shift-Dir - straight line, f/p - hell rat
Aim: a hell rat (almost dead, softly glowing)
You shoot a bolt.
The bolt hits the hell rat but does no damage.
The hell rat is almost dead.
The hell rat bites you!
You die...

#⌠...†.......⌠#
######.8...........######
##∩___......###......___∩##
#∩........8.# #..........∩##
............)###.............
..........###...###..........
.....(....# #.<.# #..........
..........###..†###..........
.........((r@###.............
##∩..........# #†.........∩##
##∩___......###......___∩##
######.............######
#[...........⌠#
###.........### #_......._#
#_........# #_......._#


You could see a hell rat.

Vanquished Creatures
  3 scorpions (D)
  A river rat (D)
  A dart slug (D)
  An orc (D)
  4 giant cockroaches (D)
  A hobgoblin (D)
  A jackal (D)
12 creatures vanquished.

Notes
Turn   | Place    | Note
-------+----------+-------------------------------------------
     0 | D        | ICC the Formicid Arcane Marksman began the quest for the
                  | Orb.
     0 | D        | Reached XP level 1. HP: 15/15 MP: 2/2
     0 | D        | Found an iron altar of Okawaru.
     0 | D        | Found a blossoming altar of Fedhas.
     1 | D        | Found a snail-covered altar of Cheibriados.
     2 | D        | Found an opulent altar of Gozag.
     2 | D        | Found a shimmering altar of Xom.
     3 | D        | Found Igenuiw's Do-It-Yourself Clinic.
     3 | D        | Found a sacrificial altar of Ru.
     3 | D        | Found a hide-covered altar of Uskayaw.
     3 | D        | Found Ykhlikk's Distillery.
     4 | D        | Found Niath's Bottled Wisdom.
     4 | D        | Found Divysm's Distillery.
     5 | D        | Found a shadowy altar of Dithmenos.
     5 | D        | Round 1.
     8 | D        | Became a worshipper of Warmaster Okawaru
    19 | D        | Found a shimmering blue altar of Sif Muna.
    19 | D        | Found a bloodstained altar of Trog.
    26 | D        | Reached skill level 3 in Crossbows
    43 | D        | Found a glowing golden altar of the Shining One.
    43 | D        | Found a roughly hewn altar of Beogh.
    56 | D        | Reached XP level 2. HP: 18/21 MP: 0/3
    74 | D        | Found a glowing silver altar of Zin.
    74 | D        | Found a corrupted altar of Lugonu.
    75 | D        | Found an ornate altar of the Wu Jian Council.
    75 | D        | Found a basalt altar of Yredelemnul.
    76 | D        | Found Zuplapn's Identification Station.
    76 | D        | Found an ancient bone altar of Kikubaaqudgha.
    76 | D        | Found Voaxzoid's Delicious Food.
    78 | D        | Found Tonet's Advanced Armour.
    78 | D        | Found Jusid's Jewellery.
    94 | D        | Found a radiant altar of Vehumet.
    96 | D        | Found a stormy altar of Qazlal.
    97 | D        | Found a burning altar of Makhleb.
    97 | D        | Found Simam's Staff Store.
    97 | D        | Found Jitos's Magic Scroll Shop.
   100 | D        | Arena points: 12 (+12) [x2]
   100 | D        | Reached skill level 4 in Crossbows
   101 | D        | Found Fafroam's Must-Have Magic.
   101 | D        | Found Dobevaz's Magic Scroll Shop.
   126 | D        | Found a viscous altar of Jiyva.
   134 | D        | Found Jufo's Premium Goods.
   134 | D        | Found Fyryraug's Miscellaneous Merchandise.
   134 | D        | Round 2.
   136 | D        | Found Atoudech's Weapon Rack.
   143 | D        | Noticed a scorpion
   148 | D        | Noticed a scorpion
   151 | D        | Killed a scorpion
   151 | D        | Reached skill level 7 in Crossbows
   151 | D        | Reached XP level 3. HP: 26/26 MP: 0/4
   151 | D        | Reached XP level 4. HP: 32/32 MP: 0/5
   164 | D        | Reached * piety under Okawaru
   164 | D        | Reached skill level 9 in Crossbows
   164 | D        | Reached XP level 5. HP: 18/37 MP: 0/6
   178 | D        | Arena points: 54 (+42) [x3]
   178 | D        | Reached skill level 10 in Crossbows
   184 | D        | Found Cukaw's Basic Armour.
   194 | D        | Bought a +0 troll leather armour for 180 gold pieces
   216 | D        | Round 3.
   247 | D        | HP: 1/37 [hell rat (15)]
   248 | D        | Mangled by a hell rat

Levels and vault maps discovered:
D:        arena_sprint

Skill      XL: |  1  2  3  4  5 |
---------------+----------------+-----
Hexes          | 4 |  4.2
Crossbows      | 3 7 9 10 | 10.6
Fighting       | |  1.4
Dodging        | |  1.9
Spellcasting   | |  1.3
Invocations    | |  0.7

Action                   |  1- 3 |  4- 6 || total
-------------------------+-------+-------++-------
 Fire: Hand crossbow     |    15 |    26 ||    41
 Cast: Corona            |     5 |     6 ||    11
 Abil: Dig               |     1 |     7 ||     8
Evoke: Wand              |       |     1 ||     1
  Use: Potion            |       |     4 ||     4
Armor: Robe              |     3 |     3 ||     6
Dodge: Dodged            |     4 |    24 ||    28

Table legend:
 A = Non-vault XP
 B = Vault XP
 C = Vault XP percentage of total XP
 D = Non-vault monster count
 E = Vault monster count
 F = Vault count percentage of total count
                 A         B        C        D         E       F
            +---------+---------+-------+---------+---------+-------
      Total |     246 |       0 |   0.0 |      12 |       0 |   0.0
            +---------+---------+-------+---------+---------+-------
          D |     246 |       0 |   0.0 |      12 |       0 |   0.0
            +---------+---------+-------+---------+---------+-------
